 Dungeon Crawl Stone Soup version 0.30.0-11-gf55b779eaf (webtiles) character file.

Game seed: 17905265322569811962

40 booth the Conjurer (level 3, -1/28 HPs)
             Began as a Demonspawn Reaver on May 16, 2023.
             Succumbed to an adder's poison
             ... on level 2 of the Dungeon.
             The game lasted 00:09:00 (1159 turns).

booth the Conjurer (Demonspawn Reaver)              Turns: 1159, Time: 00:09:01

Health: -1/28      AC:  3    Str:  9 (12) XL:     3   Next: 30%
Magic:  6/6        EV: 11    Int: 20 (22) God:
Gold:   35         SH:  0    Dex:  7 (9)  Spells: 3/6 levels left

rFire   . . .        a - +0 hand axe
rCold   . . .        (no shield)
rNeg    . . .        b - +0 leather armour
rPois   .            (helmet restricted)
rElec   .            (no cloak)
rCorr   .            (no gloves)
SInv    .            (no boots)
Will    .....        (no amulet)
Stlth   +            (no ring)
HPRegen 0.24/turn    (no ring)
MPRegen 0.10/turn

%: no passive effects
@: lethally poisoned (-1 -> -7)
A: horns 1, clever 2, inability to drink after injury 1
a: no special abilities


You were on level 2 of the Dungeon.
You visited 1 branch of the dungeon, and saw 2 of its levels.

You collected 35 gold pieces.

Inventory:

Hand Weapons
 a - a +0 hand axe (weapon)
Armour
 b - a +0 leather armour (worn)
Potions
 j - a potion of brilliance {unknown}
 k - a potion of cancellation {unknown}


   Skills:
 + Level 2.4 Fighting
 + Level 3.0 Axes
 + Level 2.1 Dodging
 + Level 2.3 Spellcasting
 + Level 3.3 Conjurations


You had 3 spell levels left.
You knew the following spells:

 Your Spells              Type           Power      Damage    Failure   Level
a - Kiss of Death         Conj/Necr      32%        2d7       11%         1
b - Momentum Strike       Conj/Tloc      16%        3d8       17%         2

Your spell library contained the following spells:

 Spells                   Type           Power      Damage    Failure   Level
 Hailstorm                Conj/Ice       8%         3d4       32%         3


Dungeon Overview and Level Annotations

Branches:
Dungeon (2/15)

Altars:

Annotations:
D:2 Robin


Innate Abilities, Weirdness & Mutations

You have a pair of small horns on your head.
Your mind is very acute. (Int +8, Str/Dex -2)
You occasionally lose the ability to drink potions when taking damage.


Message History

A goblin and an adder come into view.
The goblin shouts!
The adder hisses angrily.
You hear a shout! x2
Robin of the Strong Arm comes into view.
They are wielding a +0 spear and wearing a +0 helmet of see invisible.
You barely miss the adder. The adder closely misses you.
You miss the adder. Your headbutt misses the adder. The adder bites you. x2
You are poisoned.
The adder poisons you!
You completely miss the adder.
You feel sick. The adder barely misses you.
You barely miss the adder.
You feel sick. The adder bites you.
You are more poisoned.
The adder poisons you! The adder bites you.
You closely miss the adder.
You feel sick.
A hobgoblin comes into view.
The adder closely misses you.
The hobgoblin shouts!
You hit the adder.
You headbutt the adder, but do no damage.
The adder is heavily wounded.
You feel sick.
You hear a shout! x2
The adder bites you.
You are more poisoned.
The adder poisons you!
A goblin comes into view. It is wielding a +0 dagger.
The adder bites you.
You are more poisoned.
The adder poisons you!
The goblin moves out of view.
You hit the adder. Your headbutt misses the adder.
The adder is almost dead.
You feel very sick. The adder bites you.
* * * LOW HITPOINT WARNING * * *
* * * LOW HITPOINT WARNING * * *
You feel very sick. The adder misses you.
* * * LOW HITPOINT WARNING * * *
You feel very sick.
You miss the adder.
The adder is almost dead.
You die...

#> # .## ##. ..#
##...##.###.###
.......g.......
#.# #g# ##S# #.@#
#+# #.## #.# #.#
#.# #.# ##.## #.#
#...###########.#
.....##.........#
#...###.#########
........#


You could see an adder, a hobgoblin and a goblin.

Vanquished Creatures
  An endoplasm (D:2)
  2 giant cockroaches
  7 goblins (D:1)
  3 hobgoblins (D:1)
  4 jackals (D:1)
  3 quokkas (D:1)
  2 bats (D:1)
  2 frilled lizards (D:1)
  7 kobolds
  3 rats (D:1)
34 creatures vanquished.

Notes
Turn   | Place    | Note
-------+----------+-------------------------------------------
     0 | D:1      | booth the Demonspawn Reaver began the quest for the Orb.
     0 | D:1      | Reached XP level 1. HP: 16/16 MP: 3/3
   254 | D:1      | Gained mutation: You have a pair of small horns on your
                  | head. [demonic ancestry]
   254 | D:1      | Reached XP level 2. HP: 22/22 MP: 5/5
   257 | D:1      | Learned a level 2 spell: Momentum Strike
   774 | D:1      | Reached XP level 3. HP: 28/28 MP: 6/6
   935 | D:1      | Gained mutation: Your mind is acute. (Int +4, Str/Dex -1)
                  | [potion of mutation]
   935 | D:1      | Gained mutation: You do not regenerate when monsters are
                  | visible. [potion of mutation]
   935 | D:1      | Gained mutation: You are frail. (-10% HP) [potion of
                  | mutation]
   941 | D:1      | Lost mutation: You do not regenerate when monsters are
                  | visible. [potion of mutation]
   941 | D:1      | Lost mutation: You are frail. (-10% HP) [potion of
                  | mutation]
   941 | D:1      | Gained mutation: Your mind is very acute. (Int +8, Str/Dex
                  | -2) [potion of mutation]
   941 | D:1      | Gained mutation: You occasionally lose the ability to drink
                  | potions when taking damage. [potion of mutation]
  1148 | D:2      | Noticed Robin
  1158 | D:2      | HP: 1/28 [poisoned by an adder]
  1159 | D:2      | Succumbed to an adder's poison

Illustrated notes

Levels and vault maps discovered:
D:1:      spicycebolla_arrival_transporter_tutorial, layout_loops_corners
D:2:      layout_loops_corners, basic_altar, kennysheep_flooded_box,
          uniq_crazy_yiuf_cottage, uniq_robin, uniq_terence

Skill      XL: |  1  2 |
---------------+-------+-----
Dodging        | 2 |  2.1
Axes           | 3 |  3.0
Fighting       | |  2.4
Spellcasting   | |  2.3
Conjurations   | |  3.3

Action                     || total
---------------------------++-------
  Melee: Hand axe          ||   110
         Punch             ||     3
         Headbutt          ||    10
    Use: Scroll            ||     5
         Potion            ||     3
 Armour: Leather armour    ||    29
  Dodge: Dodged            ||    59
